Map: New Repugnancy LE

Players

SortOf - Winner!

  • Race: Zerg Zerg
  • League: Diamond
  • Spawn Location: 7:00

GunGFuBanDa

  • Race: Protoss Protoss
  • Spawn Location: 1:00

Event: 2019 WCS Summer

VOD

Have the link to the VOD?

Description

Time

  • Played on: July 13, 2019, 9:52 a.m.
  • Length: 11:17

All games in this series

Show
View Real Time Build Order
Export as new Build Order

SortOf Zerg - Winner!

Build Orders: Hatch First 

Get SALT Encoding   

  12  0:00  Drone  
  13  0:13  Overlord  
  13  0:17  Drone  
  14  0:31  Drone x2  
  16  0:50  Drone x2  
  18  0:58  Drone  
  18  1:00  Hatchery  
  18  1:06  Extractor  
  17  1:14  Spawning Pool  
  16  1:18  Drone  
  16  1:22  Drone  
  18  1:29  Drone  
  19  1:42  Drone  
  20  1:49  Overlord  
  20  2:02  Queen  
  20  2:07  Metabolic Boost  
  22  2:09  Zergling x2  
  22  2:12  Zergling x2  
  22  2:14  Zergling x2  
  22  2:15  Queen  
  27  2:22  Drone  
  28  2:24  Drone  
  29  2:33  Drone  
  30  2:39  Zergling x2  
  30  2:42  Hatchery  
  30  2:49  Queen  
  32  2:53  Zergling x2  
  32  2:56  Drone  
  34  2:59  Overlord  
  34  3:04  Drone  
  34  3:07  Drone  
  34  3:09  Drone  
  36  3:17  Overlord  
  36  3:18  Drone x2  
  36  3:19  Drone  
  38  3:22  Drone  
  39  3:27  Spore Crawler  
  39  3:31  Queen  
  40  3:40  Drone x3  
  43  3:44  Drone  
  44  3:49  Queen  
  46  3:56  Drone  
  46  3:59  Drone x4  
  50  4:05  Drone  
  50  4:07  Overlord  
  50  4:08  Drone x2  
  53  4:14  Drone  
  54  4:17  Roach Warren  
  54  4:18  Drone x2  
  54  4:24  Drone  
  56  4:28  Extractor  
  56  4:31  Zergling x4  
  57  4:35  Spine Crawler  
  57  4:36  Zergling x2  
  56  4:40  Zergling x10  
  61  4:47  Zergling x10  
  63  4:55  Zergling x4  
  63  4:59  Zergling x2  
  66  5:00  Zergling x2  
  66  5:03  Queen, Overlord  
  66  5:06  Zergling x2  
  66  5:12  Zergling x8  
  65  5:15  Zergling x2  
  65  5:16  Zergling x2  
  65  5:17  Zergling x2  
  60  5:22  Roach  
  60  5:29  Roach x4  
  60  5:33  Roach  
  67  5:38  Roach x2  
  67  5:39  Roach  
  73  5:45  Overlord  
  73  5:49  Overlord  
  73  5:52  Overlord  
  73  6:00  Zergling x10  
  72  6:05  Queen  
  72  6:06  Zergling x2  
  75  6:14  Roach x2  
  72  6:19  Roach x3  
  72  6:21  Roach  
  72  6:23  Roach  
  72  6:25  Roach  
  78  6:29  Roach x2  
  80  6:33  Roach  
  80  6:34  Roach  
  80  6:36  Zergling x2  
  80  6:37  Zergling x2  
  80  6:39  Zergling x2  
  85  6:45  Zergling x2  
  85  6:49  Zergling x2  
  85  6:51  Ravager  
  85  6:52  Overlord  
  86  6:55  Zergling x2, Queen  
  86  6:56  Zergling x2  
  86  6:58  Zergling x6  
  90  7:01  Zergling x2  
  90  7:07  Zergling x2  
  84  7:10  Zergling x2  
  84  7:14  Queen  
  84  7:18  Zergling x4  
  86  7:23  Ravager x2  
  86  7:24  Overlord  
  86  7:27  Zergling x8  
  89  7:32  Zergling x4  
  90  7:39  Zergling x2  
  90  7:41  Queen  
  90  7:43  Zergling x4  
  89  7:45  Drone  
  89  7:48  Drone x2  
  89  7:50  Lair  
  89  7:51  Drone  
  91  7:55  Drone x2  
  91  7:56  Drone  
  90  8:06  Drone x3  
  90  8:11  Extractor  
  90  8:13  Extractor, Overlord  
  90  8:16  Drone x3  
  92  8:23  Drone x5  
  97  8:27  Extractor  
  97  8:30  Drone x2  
  98  8:35  Drone x4  
  98  8:41  Roach x4  
  110  8:42  Overlord  
  110  8:48  Roach  
  110  8:49  Roach  
  110  8:51  Overseer, Extractor  
  110  8:53  Glial Reconstitution, Overseer  
  113  8:56  Overlord  
  113  9:04  Overseer, Roach x4  
  113  9:09  Overlord x2  
  120  9:12  Overlord  
  120  9:19  Roach x4  
  120  9:22  Overlord  
  128  9:31  Ravager x5  
  133  9:33  Roach x4  
  133  9:37  Roach  
  133  9:38  Zergling x4, Roach  
  147  9:44  Roach x3  
  147  9:45  Overlord  
  153  9:50  Zergling x8  
  157  9:56  Ravager x3, Overlord  
  160  10:01  Infestation Pit  
  160  10:03  Drone x4  
  160  10:07  Drone  
  161  10:14  Zergling x10  
  166  10:24  Zergling x10  
  166  10:26  Ravager x5, Overlord  
  176  10:33  Overlord  
  176  10:35  Overlord  
  176  10:46  Zergling x18  
Show
View Real Time Build Order
Export as new Build Order

GunGFuBanDa Protoss 

Build Orders: 1 Gate Expand 

Get SALT Encoding   

  12  0:00  Probe  
  13  0:12  Probe  
  14  0:17  Pylon  
  14  0:24  Probe  
  15  0:32  Probe  
  15  0:39  Gateway  
  15  0:40  Probe  
  17  0:51  Probe, Assimilator  
  18  1:03  Probe  
  19  1:15  Probe  
  20  1:27  Nexus  
  20  1:37  Cybernetics Core  
  20  1:39  Probe  
  21  1:45  Assimilator  
  21  1:51  Probe  
  21  1:54  Pylon  
  22  2:03  Probe, Adept  
  25  2:15  Probe  
  25  2:18  Warp Gate  
  26  2:26  Stalker  
  26  2:27  Probe  
  27  2:32  Pylon  
  27  2:37  Probe  
  29  2:40  Probe  
  31  2:45  Probe  
  32  2:52  Probe  
  32  2:53  Sentry  
  32  2:55  Probe  
  36  2:59  Gateway  
  36  3:04  Probe  
  36  3:05  Probe  
  37  3:08  Pylon  
  38  3:13  Probe  
  38  3:16  Probe  
  40  3:23  Gateway  
  40  3:24  Gateway  
  40  3:26  Assimilator  
  40  3:28  Probe  
  40  3:30  Gateway  
  40  3:33  Probe  
  42  3:39  Gateway  
  42  3:43  Gateway  
  42  3:54  Gateway  
  42  4:06  Pylon  
  42  4:07  Stalker  
  44  4:11  Pylon  
  44  4:19  Stalker x2  
  48  4:24  Pylon  
  48  4:26  Stalker  
  48  4:30  Stalker  
  52  4:33  Stalker  
  52  4:36  Stalker, Zealot  
  58  4:43  Stalker  
  60  4:52  Stalker, Zealot  
  64  4:58  Zealot x3  
  68  5:10  Zealot  
  68  5:11  Zealot  
  70  5:19  Stalker x3, Zealot  
  58  5:27  Stalker  
  52  5:33  Stalker x2  
  56  5:45  Zealot x2, Adept x2  
  56  5:49  Adept  
  66  6:03  Stalker  
  66  6:04  Zealot x2  
  59  6:20  Stalker x2, Zealot x2  
  59  6:21  Zealot  
  59  6:24  Zealot  
  61  6:32  Stalker  
  57  6:48  Stalker, Zealot x4  
  57  6:49  Zealot  
  51  7:11  Zealot x6  
  57  7:16  Probe  
  57  7:19  Robotics Facility  
  57  7:20  Probe  
  59  7:24  Probe  
  60  7:32  Probe, Adept x2  
  60  7:34  Probe  
  54  7:57  Sentry, Zealot x2  
  60  7:58  Stalker  
  60  7:59  Stalker  
  60  8:05  Immortal  
  62  8:06  Probe x2  
  62  8:12  Assimilator  
  68  8:20  Probe x2  
  68  8:24  Pylon  
  70  8:29  Forge  
  70  8:32  Probe, Immortal  
  69  8:42  Pylon  
  69  8:44  Pylon  
  69  8:45  Sentry  
  75  8:54  Sentry  
  77  8:55  Probe  
  78  9:02  Immortal  
  78  9:07  Pylon  
  78  9:09  Nexus  
  82  9:17  Protoss Ground Weapons Level 1  
  82  9:20  Adept x2  
  86  9:24  Twilight Council  
  86  9:29  Probe  
  87  9:35  Warp Prism  
  87  9:39  Probe  
  87  9:41  Probe  
  87  9:44  Stalker x2  
  95  10:01  Immortal  
  95  10:05  Shield Battery  
  95  10:08  Adept x2  
  99  10:16  Probe  
  100  10:22  Shield Battery  
  100  10:26  Probe x2  
  102  10:31  Templar Archives  
  102  10:41  Zealot  
  104  10:43  Zealot x4  
  111  10:54  Zealot  
  83  11:08  Zealot  
Tags
 
Add a new tag
Caveats
  • Supply blocks, unpowered buildings, or Contaminate may cause inaccurate times.
  • Supply counts are checked every 10 seconds.